 Dungeon Crawl Stone Soup version 0.32-a0-361-g289a535e89 (webtiles) character file.

Game seed: 5514590009160369776

764 AlmostDecent the Skirmisher (level 8, -3/58 HPs)
             Began as a Formicid Hunter on Feb 18, 2024.
             Incinerated by a bombardier beetle (6 damage)
             ... with a burning spray
             ... on level 4 of the Dungeon.
             The game lasted 00:12:59 (3056 turns).

AlmostDecent the Skirmisher (Formicid Hunter)       Turns: 3056, Time: 00:13:00

Health: -3/58      AC:  5    Str: 16 (17) XL:     8   Next: 8%
Magic:  8/8        EV: 12    Int:  5 (8)  God:
Gold:   256        SH:  0    Dex: 18 (19) Spells: 7/7 levels left

rFire   . . .        a - +0 shortbow
rCold   . . .        (no shield)
rNeg    . . .        c - +0 leather armour
rPois   .            (helmet unavailable)
rElec   .            (no cloak)
rCorr   .            d - +0 pair of gloves
SInv    +            i - +0 pair of boots
Will    .....        (no amulet)
Stlth   +            (no ring)
HPRegen 0.29/turn    (no ring)
MPRegen 0.11/turn

%: no passive effects
@: mighty, on fire, glowing
A: permanent stasis, dig shafts and tunnels, antennae 3, four strong arms
a: Dig, Shaft Self


You were on level 4 of the Dungeon.
You visited 1 branch of the dungeon, and saw 4 of its levels.
You also visited: Sewer.

You collected 256 gold pieces.

Inventory:

Hand Weapons
 a - a +0 shortbow (weapon)
 r - a +3 sling
 t - a +0 rapier
 u - a +1 flail of venom
Armour
 c - a +0 leather armour (worn)
 d - a +0 pair of gloves (worn)
 i - a +0 pair of boots (worn)
Jewellery
 v - a ring of positive energy
 w - a ring of ice
Scrolls
 b - 2 scrolls of butterflies
 e - 4 scrolls of identify
 f - a scroll of revelation {unknown}
 h - 2 scrolls of teleportation {unknown}
 k - 2 scrolls of blinking {unknown}
 l - a scroll of poison {unknown}
 o - a scroll of acquirement {unknown}
 p - a scroll of enchant weapon {unknown}
 q - 3 scrolls of immolation {unknown}
 s - a scroll of fog {unknown}


   Skills:
 + Level 3.4 Fighting
 * Level 8.6 Ranged Weapons
 + Level 1.3 Armour
 + Level 2.3 Dodging
 + Level 1.4 Stealth


You had 7 spell levels left.
You didn't know any spells.
Your spell library contained the following spells:

 Spells                   Type           Power      Damage    Failure   Level
 Summon Ice Beast         Ice/Summ       0%         N/A       89%         3
 Summon Mana Viper        Hex/Summ       0%         N/A       100%        5
 Monstrous Menagerie      Summ           0%         N/A       100%        7


Dungeon Overview and Level Annotations

Branches:
Dungeon (4/15)              Sewer (visited)
 Temple: D:4-7

Altars:
Fedhas

Annotations:
D:4 2 transporters, TheLasagnaBaron's ghost, amateur MDFE


Innate Abilities, Weirdness & Mutations

You cannot be hasted, slowed, berserked, paralysed or teleported.
You can dig through walls and to a lower floor.
You have a pair of large antennae on your head. (SInv)
Your four strong arms can wield two-handed weapons with a shield.


Message History

Aim: an orc, wielding a +1 vampiric trident and wearing a +0 scale mail (69% to hit)
You shoot an arrow. The arrow hits the orc!
You kill the orc!
The goblin hits you but does no damage.
Fire: a) +0 shortbow
Press: ? - help, Shift-Dir - straight line, f - goblin
Aim: a goblin, wielding a +0 club and quivering stones (60% to hit)
You shoot an arrow. The arrow barely misses the goblin.
The arrow hits the bombardier beetle but does no damage.
The bombardier beetle is lightly wounded.
Fire: a) +0 shortbow
Press: ? - help, Shift-Dir - straight line, f/p - goblin
Aim: a goblin, wielding a +0 club and quivering stones (60% to hit)
You shoot an arrow. The arrow hits the goblin.
You kill the goblin!
Fire: a) +0 shortbow
Press: ? - help, Shift-Dir - straight line, f - bombardier beetle
Aim: a bombardier beetle (lightly wounded, 76% to hit)
You shoot an arrow. The arrow hits the bombardier beetle.
The bombardier beetle is lightly wounded.
Fire: a) +0 shortbow
Press: ? - help, Shift-Dir - straight line, f/p - bombardier beetle
Aim: a bombardier beetle (lightly wounded, 76% to hit)
You shoot an arrow.
The arrow hits the bombardier beetle but does no damage.
The bombardier beetle is lightly wounded.
The bombardier beetle sprays incendiary fluid at you.
The burning spray hits you.
You are covered in liquid fire!
Fire: a) +0 shortbow
Press: ? - help, Shift-Dir - straight line, f/p - bombardier beetle
Aim: a bombardier beetle (lightly wounded, 76% to hit)
You shoot an arrow.
The arrow barely misses the bombardier beetle.
The arrow hits the orc but does no damage.
The liquid fire burns you!
* * * LOW HITPOINT WARNING * * *
You shake off some of the fire as you move.
The liquid fire burns you!
You die...

...........#
#..#.#...††#.#
............#
..#.#....###...#
#........## ,#.#
###.###o).# ...
.#####.###B#......
.......>##.##.##.#.
#.....@.......
#..###########
...##..######
######..##.......#
....©#..###.####.##
....#..# #.###...#
# #..#..# #.....#
#ß#..#..# #.###...#
....5#..###.# ##


You could see a bombardier beetle and an orc.

Vanquished Creatures
  Sigmund (D:3)
  A phantom (D:4)
  2 bullfrogs (Sewer)
  An iguana (D:4)
  2 orc wizards (D:3)
  4 gnolls (D:3)
  2 adders
  9 dart slugs
  5 ribbon worms
  12 orcs
  14 endoplasms
  17 giant cockroaches
  5 goblins
  3 hobgoblins
  A jackal (D:4)
  6 quokkas
  19 ball pythons
  4 bats
  9 frilled lizards
  15 kobolds
  5 rats
137 creatures vanquished.

Notes
Turn   | Place    | Note
-------+----------+-------------------------------------------
     0 | D:1      | AlmostDecent the Formicid Hunter began the quest for the
                  | Orb.
     0 | D:1      | Reached XP level 1. HP: 16/16 MP: 1/1
    52 | D:1      | Reached XP level 2. HP: 22/22 MP: 2/2
   154 | D:1      | Reached XP level 3. HP: 27/27 MP: 3/3
   268 | D:1      | Reached skill level 5 in Ranged Weapons
   416 | D:1      | Reached XP level 4. HP: 34/34 MP: 4/4
  1133 | D:2      | Reached XP level 5. HP: 39/39 MP: 5/5
  1598 | D:3      | Noticed Sigmund
  1614 | D:3      | Killed Sigmund
  1615 | D:3      | Reached skill level 7 in Ranged Weapons
  1615 | D:3      | Reached XP level 6. HP: 23/46 MP: 6/6
  1819 | D:3      | Reached XP level 7. HP: 18/51 MP: 7/7
  1843 | D:3      | Found a blossoming altar of Fedhas.
  1982 | D:3      | Found a glowing drain.
  2024 | Sewer    | Entered a sewer
  2299 | Sewer    | Reached skill level 8 in Ranged Weapons
  2299 | Sewer    | Reached skill level 1 in Armour
  2975 | D:4      | Found a transporter.
  2975 | D:4      | Noticed TheLasagnaBaron's ghost (amateur MDFE)
  2983 | D:4      | Found a transporter.
  3050 | D:4      | Reached XP level 8. HP: 4/58 MP: 8/8
  3055 | D:4      | HP: 2/58 [burnt (3)]
  3056 | D:4      | Incinerated by a bombardier beetle

Illustrated notes

Levels and vault maps discovered:
D:1:      dpeg_arrival_short_road, layout_loops_ring, minmay_cupped
D:2:      layout_basic
D:3:      layout_loops_ring, mainiacjoe_overflow_paths,
          cheibrodos_sewer_entry_bend, uniq_sigmund
D:4:      layout_loops_ring, minmay_temple_entry_trees,
          gammafunk_ghost_mausoleum, minmay_starry_boxes,
          uniq_crazy_yiuf_cottage, uniq_pikel

Skill      XL: |  1  2  3  4  5  6  7 |
---------------+----------------------+-----
Ranged Weapons | 5 7 8 |  8.6
Dodging        | 2 |  2.3
Fighting       | 3 |  3.4
Armour         | 1 |  1.3
Stealth        | |  1.4

Action                     |  1- 3 |  4- 6 |  7- 9 || total
---------------------------+-------+-------+-------++-------
  Melee: Shortbow          |       |       |     2 ||     2
   Fire: Shortbow          |    57 |   142 |   217 ||   416
Ability: Dig               |       |     2 |       ||     2
    Use: Potion            |       |       |     6 ||     6
         Scroll            |       |       |     1 ||     1
 Armour: Leather armour    |     3 |    38 |    66 ||   107
  Dodge: Dodged            |     5 |    27 |    73 ||   105

Table legend: (Time is in decaauts)
 A = Elapsed time spent in this place.
 B = Non-inter-level travel time spent in this place.
 C = Inter-level travel time spent in this place.
 D = Time resting spent in this place.
 E = Time spent auto-exploring this place.
 F = Levels seen in this place.
 G = Mean time per level.
                   A        B        C        D        E       F      G
               +--------+--------+--------+--------+--------+-----+--------+
         Total |   3158 |   2884 |    274 |      0 |   2045 |   5 |  631.6 |
       Dungeon |   2631 |   2357 |    274 |      0 |   1766 |   4 |  657.8 |
         Sewer |    526 |    526 |      0 |      0 |    279 |   1 |  526.0 |
               +--------+--------+--------+--------+--------+-----+--------+

Top non-repeatable levels by time:
     D:3: 990 daAuts
     D:2: 740 daAuts
     D:1: 734 daAuts
   Sewer: 526 daAuts
     D:4: 166 daAuts
